 Dungeon Crawl Stone Soup version 0.24-a0-274-gb3763e6 (webtiles) character file.

Game seed: 8490718831947210739

508 Dantiko the Destroyer (level 7, -3/40 HPs)
             Began as a Tengu Conjurer on Apr 27, 2019.
             Was an Initiate of Vehumet.
             Slain by a wyvern (7 damage)
             ... on level 2 of the Dungeon.
             The game lasted 00:16:10 (2975 turns).

Dantiko the Destroyer (Tengu Conjurer)              Turns: 2975, Time: 00:16:11

Health: -3/40      AC:  9    Str:  8    XL:     7   Next: 18%
Magic:  3/11       EV: 13    Int: 17    God:    Vehumet [......]
Gold:   126        SH:  5    Dex: 15    Spells: 7/10 levels left

rFire    . . .     SeeInvis .   o - +0 dagger (freeze)
rCold    . . .     Gourm    .   a - +0 buckler
rNeg     . . .     Faith    .   e - +4 ring mail
rPois    .         Spirit   .   (helmet restricted)
rElec    .         Reflect  .   (no cloak)
rCorr    .         Harm     .   (no gloves)
MR       .....                  (boots unavailable)
Stlth    +.........             (no amulet)
HPRegen  0.13/turn              (no ring)
MPRegen  0.12/turn              (no ring)

@: about to teleport, flying quickly and evasively, quick
A: beak, talons 3, able to fly
a: Stop Flying, Renounce Religion


You were on level 2 of the Dungeon.
You worshipped Vehumet.
Vehumet was noncommittal.
You were not hungry.

You visited 1 branch of the dungeon, and saw 4 of its levels.

You collected 126 gold pieces.

Inventory:

Hand Weapons
 o - a +0 dagger of freezing (weapon)
Armour
 a - a +0 buckler (worn)
 e - a +4 ring mail (worn)
Wands
 m - a wand of polymorph (8)
Scrolls
 f - a scroll of noise {unknown}
 g - 3 scrolls of remove curse
 i - 2 scrolls of teleportation
 j - a scroll of immolation
 p - 2 scrolls of enchant weapon {unknown}
Potions
 b - 2 potions of lignification
 h - 2 potions of curing
 k - 2 potions of agility
 l - a potion of might {unknown}
 n - a potion of degeneration {unknown}
Comestibles
 c - 5 rations
 d - 6 chunks of flesh


   Skills:
 - Level 2.0 Fighting
 + Level 1.3 Armour
 - Level 3.1 Dodging
 - Level 2.0 Stealth
 - Level 4.3 Shields
 - Level 2.0 Spellcasting
 - Level 8.0 Conjurations


You had 7 spell levels left.
You knew the following spells:

 Your Spells              Type           Power        Failure   Level  Hunger
a - Magic Dart            Conj           ####         2%          1    #......
b - Searing Ray           Conj           ####..       3%          2    ###....

Your spell library contained the following spells:

 Spells                   Type           Power        Failure   Level  Hunger
 Iskenderun's Mystic Bla  Conj           ####....     22%         4    #####..
 Dazzling Spray           Conj/Hex       ###...       32%         3    ###....
 Force Lance              Conj/Tloc      ###.....     73%         4    #####..
 Fulminant Prism          Conj/Hex       ###.......   73%         4    #####..


Dungeon Overview and Level Annotations

Branches:
Dungeon (4/15)
 Temple: D:4-7

Altars:
Elyvilon
Hepliaklqana
Makhleb
Qazlal
Vehumet


Innate Abilities, Weirdness & Mutations

You have a beak for a mouth.
You have claws for feet.
You can fly continuously.


Message History

The wyvern barely misses you.
There is a stone staircase leading up, spattered with blood here.
The wyvern closely misses you.
You fly upwards.
There is a stone staircase leading down here.
The wyvern barely misses you. You block the wyvern's attack.
The wyvern bites you but does no damage.
The wyvern bites you!
* * * LOW HITPOINT WARNING * * *
The wyvern closely misses you.
There is a stone staircase leading up here.
The wyvern completely misses you.
You fly upwards.
There is a stone staircase leading down here.
As you read the scroll of teleportation, it crumbles to dust.
You feel strangely unstable. The wyvern misses you. The wyvern bites you.
* * * LOW HITPOINT WARNING * * *
The wyvern bites you!
You die...

....# #........# #..# ....#
#........# #..# ....#####
#........# #..# ........#
#.#+###### #..# ........#
#.#.#########..# ........#
#.#.<..........#
........######.#..#########.#
....#.......>..#......# #.#
....#...........@.....#####.#
###.'...........l...........#
###..........>..#'#########
##########....#.#.....#####
#................#
#....#.......###.#
##....###.##### #.#
#..........# #.# #..######..#
#.#


You could see a wyvern.

Vanquished Creatures
  An ogre (D:3)
  A scorpion (D:4)
  2 howler monkeys (D:4)
  A crimson imp (D:3)
  An orc wizard (D:3)
  2 hounds (D:4)
  2 worker ants (D:4)
  5 adders
  An ooze (D:3)
  2 worms (D:2)
  A dart slug (D:1)
  2 leopard geckos
  4 orcs (D:3)
  9 bats
  3 giant cockroaches
  5 goblins
  8 hobgoblins
  5 jackals
  A ball python (D:1)
  A ball python skeleton (D:4)
  5 frilled lizards
  8 kobolds
  5 rats
75 creatures vanquished.

Notes
Turn   | Place    | Note
-------+----------+-------------------------------------------
     0 | D:1      | Dantiko the Tengu Conjurer began the quest for the Orb.
     0 | D:1      | Reached XP level 1. HP: 10/10 MP: 4/4
   104 | D:1      | Reached XP level 2. HP: 9/16 MP: 3/6
   118 | D:1      | Reached skill level 1 in Fighting
   127 | D:1      | Learned a level 2 spell: Searing Ray
   452 | D:1      | Reached XP level 3. HP: 21/21 MP: 4/7
   675 | D:1      | Reached skill level 6 in Conjurations
  1180 | D:2      | Reached XP level 4. HP: 25/26 MP: 0/8
  1886 | D:3      | Found a white marble altar of Elyvilon.
  2047 | D:3      | Reached skill level 1 in Shields
  2047 | D:3      | Gained mutation: You can fly continuously. [Tengu growth]
  2047 | D:3      | Reached XP level 5. HP: 30/30 MP: 1/9
  2222 | D:3      | Found a stormy altar of Qazlal.
  2311 | D:3      | Found a radiant altar of Vehumet.
  2311 | D:3      | Found a burning altar of Makhleb.
  2379 | D:3      | Reached skill level 7 in Conjurations
  2386 | D:3      | Became a worshipper of Vehumet
  2500 | D:3      | Found a hazy altar of Hepliaklqana.
  2626 | D:4      | Reached XP level 6. HP: 29/35 MP: 3/10
  2792 | D:4      | Reached skill level 8 in Conjurations
  2858 | D:3      | Reached XP level 7. HP: 19/40 MP: 0/11
  2904 | D:4      | Reached skill level 1 in Armour
  2936 | D:4      | Noticed a wyvern
  2975 | D:2      | Slain by a wyvern

Levels and vault maps discovered:
D:1:      shiori_arrival_maze, layout_basic, hex_tiny
D:2:      layout_basic
D:3:      layout_rooms, grunt_temple_overflow_lords_of_destruction,
          marbit_many_paths, lemuel_crystal_altar, overflow_temple_1_default,
          first_ration
D:4:      cheibrodos_barr_body, layout_basic, lemuel_crystal_altar,
          kennysheep_mini_moat, minivault_4

Skill      XL: |  1  2  3  4  5  6  7 |
---------------+----------------------+-----
Fighting       | 1 2 |  2.0
Conjurations   | 6 7 8 |  8.0
Dodging        | 3 |  3.1
Shields        | 1 2 4 |  4.3
Armour         | 1 |  1.3
Stealth        | |  2.0
Spellcasting   | |  2.0

Action                   |  1- 3 |  4- 6 |  7- 9 || total
-------------------------+-------+-------+-------++-------
Melee: Unarmed           |     8 |       |       ||     8
       Kick              |     3 |    15 |     2 ||    20
       Peck              |     2 |     7 |       ||     9
       Short sword       |    25 |     2 |       ||    27
       Club              |     2 |       |       ||     2
       Dagger            |       |    74 |     2 ||    76
Throw: Stone             |     1 |       |       ||     1
 Cast: Magic Dart        |    43 |    61 |     6 ||   110
       Searing Ray       |     2 |     8 |     1 ||    11
 Abil: Fly               |       |     1 |       ||     1
  Use: Scroll            |       |     6 |     1 ||     7
 Stab: Sleeping          |       |     2 |       ||     2
  Eat: Chunk             |     1 |     7 |     1 ||     9
Armor: Ring mail         |    27 |    36 |     2 ||    65
Dodge: Dodged            |    39 |    56 |     9 ||   104
Block: Buckler           |       |    12 |     2 ||    14

Table legend:
 A = Non-vault XP
 B = Vault XP
 C = Vault XP percentage of total XP
 D = Non-vault monster count
 E = Vault monster count
 F = Vault count percentage of total count
                 A         B        C        D         E       F
            +---------+---------+-------+---------+---------+-------
      Total |     496 |     231 |  31.8 |      64 |      11 |  14.7
            +---------+---------+-------+---------+---------+-------
        D:1 |      38 |       4 |   9.5 |      23 |       2 |   8.0
        D:2 |      71 |       0 |   0.0 |      17 |       0 |   0.0
        D:3 |     212 |      52 |  19.7 |      20 |       2 |   9.1
        D:4 |     175 |     175 |  50.0 |       4 |       7 |  63.6
            +---------+---------+-------+---------+---------+-------
